 Dungeon Crawl Stone Soup version 0.20.0-15-g7f486f2 (webtiles) character file.

72 vishdafish the Chucker (level 4, -1/63 HPs)
             Began as a Troll Hunter on June 28, 2017.
             Slain by an adder (3 damage)
             ... on level 2 of the Dungeon.
             The game lasted 00:02:01 (1188 turns).

vishdafish the Chucker (Troll Hunter)               Turns: 1188, Time: 00:02:03

Health: -1/63      AC: 22    Str: 20    XL:     4   Next: 7%
Magic:  3/3        EV:  1    Int:  7    God:
Gold:   37         SH:  0    Dex: 11    Spells: 3/3 levels left

rFire    . . .     SeeInvis .   i - -2 whip (curse)
rCold    . . .     Gourm    +   (no shield)
rNeg     + + +     Faith    .   (armour currently unavailable)
rPois    +         Spirit   .   (helmet currently unavailable)
rElec    .         Reflect  .   (cloak currently unavailable)
rCorr    .         Harm     .   (gloves unavailable)
MR       .....     NoTele   +   (boots unavailable)
Stlth    +.........             (no amulet)
Regen    0.6/turn               (no ring)
MPRegen  0.1/turn               (no ring)

@: lethally poisoned (-1 -> -1), tree-form
A: unfitting armour, fast metabolism 3, gourmand, regeneration 1
a: no special abilities


You were on level 2 of the Dungeon.
You were hungry.
You were a tree.
You visited 1 branch of the dungeon, and saw 2 of its levels.

You collected 37 gold pieces.

Inventory:

Hand Weapons
 a - a +0 short sword
 i - a cursed -2 whip (weapon)
Missiles
 c - 5 large rocks (quivered)
 d - 2 throwing nets
Armour
 b - a +0 robe (melded)
Scrolls
 g - a scroll of teleportation {unknown}
 h - 2 scrolls of remove curse {unknown}
Comestibles
 f - a bread ration
 j - a meat ration


   Skills:
 + Level 1.7 Fighting
 + Level 0.5 Short Blades
 + Level 1.4 Maces & Flails
 + Level 4.3 Throwing
 + Level 2.0 Dodging
 + Level 0.3 Stealth


You had 3 spell levels left.
You didn't know any spells.

Dungeon Overview and Level Annotations

Branches:
Dungeon (2/15)

Altars:
Ru


Innate Abilities, Weirdness & Mutations

You are too large for most types of armour.
((You have claws for hands.))
Your metabolism is lightning-fast.
You like to eat raw meat.
Your natural rate of healing is unusually fast.
((You are covered in fur. (AC +1)))
((You have very tough skin. (AC +2)))


Message History

You closely miss the adder. The adder bites you but does no damage.
The worm bites you but does no damage.
You hit the adder.
The adder is lightly wounded.
The adder bites you but does no damage. x2
The worm bites you but does no damage.
You closely miss the adder.
The adder is lightly wounded.
The adder bites you but does no damage.
You closely miss the adder.
The adder is lightly wounded.
The adder bites you.
* * * LOW HITPOINT WARNING * * *
You are poisoned.
The adder poisons you! The worm bites you.
* * * LOW HITPOINT WARNING * * *
You barely miss the adder.
The adder is lightly wounded.
You feel sick. The adder bites you.
You die...

#### ## ##..
##.##..#
#.#....###.#
.##.#.S)......#
.....lw♣..#####.#
.####b##........#
# #.#####..( #.#
##'## # ##...##
.# ##.....###.#
##.......#..#
#...>.......#


You could see a worm, an adder, a leopard gecko and a bat.

Vanquished Creatures
  Jessica (D:2)
  An adder (D:2)
  2 oozes (D:1)
  A worm (D:2)
  2 leopard geckos (D:1)
  6 bats
  3 goblins (D:1)
  2 hobgoblins (D:1)
  A frilled lizard (D:1)
  3 kobolds (D:1)
  4 rats
26 creatures vanquished.

Notes
Turn   | Place    | Note
-------+----------+-------------------------------------------
     0 | D:1      | vishdafish the Troll Hunter began the quest for the Orb.
     0 | D:1      | Reached XP level 1. HP: 19/19 MP: 0/0
   124 | D:1      | Reached skill level 4 in Throwing
   138 | D:1      | Reached XP level 2. HP: 27/27 MP: 1/1
   708 | D:1      | Reached XP level 3. HP: 26/33 MP: 2/2
   923 | D:2      | Found a sacrificial altar of Ru.
  1153 | D:2      | Noticed Jessica
  1181 | D:2      | Killed Jessica
  1181 | D:2      | Reached skill level 1 in Maces & Flails
  1181 | D:2      | Reached XP level 4. HP: 5/42 MP: 3/3
  1182 | D:2      | HP: 3/63 [adder (3)]
  1187 | D:2      | HP: 3/63 [worm (2)]
  1188 | D:2      | Slain by an adder

Skill      XL: |  1  2  3 |
---------------+----------+-----
Throwing       | 4 |  4.3
Maces & Flails | 1 |  1.4
Dodging        | 2 |  2.0
Fighting       | |  1.7
Short Blades   | |  0.5
Stealth        | |  0.3

Action                   |  1- 3 |  4- 6 || total
-------------------------+-------+-------++-------
Melee: Short sword       |    47 |       ||    47
       Whip              |   107 |     7 ||   114
Throw: Large rock        |     2 |       ||     2
  Use: Potion            |     1 |       ||     1
  Eat: Royal jelly       |     1 |       ||     1
       Chunk             |     1 |       ||     1
       Bread ration      |     1 |       ||     1
Armor: Robe              |    56 |       ||    56
       Skin              |    30 |    11 ||    41
Dodge: Dodged            |    91 |       ||    91
